[Event "Titled Tuesday Blitz May 25 2021"]
[White "Acor, Corey"]
[Black "Miszler, Levente"]
[WhiteFideId "2024861"]
[BlackFideId "763276"]
[WhiteElo "2808"]
[BlackElo "1967"]
[Result "1-0"]
[Round "09"]
[TimeControl "180+1"]
[Date "2021.05.25"]
[WhiteClock "0:00:10"]
[BlackClock "0:00:12"]

1. e4 e6 2. d3 d5 3. Nd2 Nf6 4. g3 Be7 5. Bg2 O-O 6. Ngf3 c5 7. O-O Nc6 8. b3 b5 9. exd5 exd5 10. Re1 Bb7 11. Bb2 Re8 12. a4 a6 13. h3 Bd6 14. axb5 axb5 15. Rxa8 Qxa8 16. Bxf6 gxf6 17. Rxe8+ Qxe8 18. Nf1 Ne5 19. Nh4 Qd7 20. Qh5 Ng6 21. Nf5 Bf8 22. N1e3 Ne5 23. f4 d4 24. fxe5 dxe3 25. Bxb7 Qxb7 26. exf6 Qa8 27. Nxe3 Qa1+ 28. Kf2 Qxf6+ 29. Qf3 Qc3 30. Qe2 Bh6 31. Nf5 Bg7 32. Qe8+ Bf8 33. Nh6+ Kg7 34. Qxf7+ Kxh6 35. Qxf8+ Kg6 36. Qe8+ Kg7 37. Qe2 Qd4+ 38. Kg2 b4 39. Qf2 Qc3 40. g4 Kg6 41. Kg3 Qe5+ 42. Qf4 Qe1+ 43. Kg2 Qe2+ 44. Qf2 Qd1 45. Qxc5 Qd2+ 46. Qf2 Qc3 47. d4 Qc6+ 48. Kg3 Qd6+ 49. Kf3 Qd5+ 50. Ke3 Qe6+ 51. Kd3 Qa6+ 52. Kd2 Qd6 53. Qf5+ Kh6 54. Qh5+ Kg7 55. Qe5+ 1-0


[Site "https://www.chess.com"]

[Event "Titled Tuesday Blitz May 25 2021"]
[White "Alavkin, Arseny"]
[Black "Martin Carmona, Gaston Manuel"]
[WhiteFideId "4120612"]
[BlackFideId "22284567"]
[WhiteElo "2414"]
[BlackElo "2144"]
[Result "0-1"]
[Round "09"]
[TimeControl "180+1"]
[Date "2021.05.25"]
[WhiteClock "0:01:47"]
[BlackClock "0:00:17"]

1. e4 c5 2. Nf3 d6 3. Nc3 Nf6 4. d4 cxd4 5. Nxd4 g6 6. Be3 Bg7 7. Bc4 Nc6 8. f3 O-O 9. Qd2 Bd7 10. h4 Rc8 11. Bb3 h5 12. O-O-O Ne5 13. Kb1 Nc4 14. Bxc4 Rxc4 15. Bg5 Nxe4 16. Nxe4 Rxd4 17. Qe3 Qb6 18. Rxd4 Bxd4 19. Qb3 Qxb3 20. axb3 f6 21. Bd2 Kf7 22. Rf1 Rc8 23. Re1 Bf5 24. c3 Bf2 25. Re2 Bxh4 26. Ka2 d5 27. Nf2 Bg3 28. Be3 b6 29. b4 Bd6 30. g4 Be6 31. Bd4 h4 32. Kb1 g5 33. Kc1 Bd7 34. Nh3 e5 35. Bf2 d4 36. Kd2 dxc3+ 37. bxc3 Bc6 38. Ng1 h3 39. Bg3 a5 40. Nxh3 Bxf3 41. Rf2 Bxg4 42. Nxg5+ Kg6 43. Ne4 Be7 44. Bh4 Rc6 45. b5 Re6 46. c4 f5 47. Bxe7 Rxe7 48. Nc3 Rd7+ 49. Nd5 Rd6 50. Kc3 f4 51. Kd3 Bf5+ 52. Kc3 Kg5 53. Rb2 e4 54. Nxb6 Rxb6 55. c5 Rb8 56. c6 Rc8 57. Kc4 e3 58. Re2 Kg4 59. Kc5 Be4 60. Kd6 Kf3 61. Rb2 e2 62. Rxe2 Kxe2 63. Kd7 Rxc6 64. bxc6 Bxc6+ 0-1


[Site "https://www.chess.com"]

[Event "Titled Tuesday Blitz May 25 2021"]
[White "AldokhinIvan"]
[Black "Sadovsky, Artem"]
[BlackFideId "4155840"]
[WhiteElo "2524"]
[BlackElo "2692"]
[Result "0-1"]
[Round "09"]
[TimeControl "180+1"]
[Date "2021.05.25"]
[WhiteClock "0:00:11"]
[BlackClock "0:00:12"]

1. e4 g6 2. d4 Bg7 3. Nc3 c6 4. Bg5 d5 5. Qd2 dxe4 6. O-O-O Nf6 7. f3 exf3 8. Nxf3 Bf5 9. h3 Ne4 10. Nxe4 Bxe4 11. Re1 h6 12. Bh4 f5 13. Bd3 Qd5 14. Qb4 c5 15. Qb5+ Nc6 16. c4 Qd7 17. d5 Bxd3 18. dxc6 bxc6 19. Qb3 Be4 20. Rd1 Qc7 21. Rhe1 Rb8 22. Qa3 Bxb2+ 23. Qxb2 Rxb2 24. Kxb2 g5 25. Bf2 O-O 26. Bxc5 Rb8+ 27. Ka1 Qa5 28. Bd4 c5 29. Bb2 Qb4 30. Re2 Rb6 31. Red2 Ra6 32. Rd8+ Kh7 33. Ne5 Rxa2+ 34. Kxa2 Qa4+ 35. Ba3 Qc2+ 36. Ka1 Qc3+ 37. Ka2 Qxe5 38. Bb2 Qc7 39. R8d2 Qb6 40. Ba3 Qa6 41. Rb2 Qxc4+ 42. Ka1 Kg6 43. Rdd2 Qa4 44. Ka2 c4 45. Re2 c3 46. Rb4 Bd5+ 47. Kb1 Qxa3 48. Rd4 Qb3+ 49. Kc1 e5 50. Rb4 Qxb4 51. Rc2 Qb3 52. g4 Qxc2+ 53. Kxc2 fxg4 54. hxg4 Be6 55. Kxc3 Bxg4 56. Kd3 Bf5+ 57. Ke3 Kf6 58. Kf2 h5 59. Ke3 h4 60. Kf2 a6 61. Ke3 Ke6 62. Kf3 Kd6 63. Kg2 Kd5 64. Kh2 e4 0-1


[Site "https://www.chess.com"]

[Event "Titled Tuesday Blitz May 25 2021"]
[White "Annaberdiyev, Babageldi"]
[Black "Taboas Rodriguez, Daniel"]
[WhiteFideId "14000385"]
[BlackFideId "2208466"]
[WhiteElo "2743"]
[BlackElo "2560"]
[Result "1-0"]
[Round "09"]
[TimeControl "180+1"]
[Date "2021.05.25"]
[WhiteClock "0:01:56"]
[BlackClock "0:00:48"]

1. e4 d5 2. exd5 Nf6 3. d4 Bg4 4. f3 Bf5 5. g4 Bg6 6. c4 e6 7. Nc3 exd5 8. h4 Bd6 9. Qe2+ Qe7 10. Qxe7+ Bxe7 11. h5 Bc2 12. Rh2 Nc6 13. Rxc2 Nxd4 14. Rd2 Bc5 15. Kd1 O-O-O 16. Na4 Nb3 17. axb3 Bxg1 18. Kc2 Rhe8 19. Rd1 dxc4 20. Rxd8+ Kxd8 21. bxc4 Re1 22. Bd3 Ke8 23. Nc3 Nd7 24. Ne2 Nc5 25. Rxa7 Nxd3 26. Ra8+ Kd7 27. Kxd3 Rf1 28. Nxg1 1-0


[Site "https://www.chess.com"]

[Event "Titled Tuesday Blitz May 25 2021"]
[White "Aravindh, Chithambaram VR."]
[Black "Demin, Vladimir"]
[WhiteFideId "5072786"]
[BlackFideId "4167457"]
[WhiteElo "2864"]
[BlackElo "2570"]
[Result "1-0"]
[Round "09"]
[TimeControl "180+1"]
[Date "2021.05.25"]
[WhiteClock "0:02:30"]
[BlackClock "0:01:16"]

1. Nf3 d5 2. b3 Bg4 3. Bb2 Nd7 4. d4 Ngf6 5. Nbd2 e6 6. e3 c6 7. Be2 Be7 8. O-O O-O 9. c4 h6 10. Ne5 Nxe5 11. dxe5 Bxe2 12. Qxe2 Nd7 13. f4 f6 14. Qg4 Nc5 15. b4 Nd3 16. Qxe6+ Kh8 17. Bc3 Bxb4 18. Bxb4 Nxb4 19. Nf3 Nc2 20. Rab1 Nxe3 21. exf6 Nxf1 22. fxg7+ Kxg7 23. Rxb7+ Kh8 24. Qxh6+ 1-0


[Site "https://www.chess.com"]

[Event "Titled Tuesday Blitz May 25 2021"]
[White "Asis Gargatagli, Hipolito"]
[Black "Tejedor Fuente, Enrique"]
[WhiteFideId "2260735"]
[BlackFideId "2299100"]
[WhiteElo "2557"]
[BlackElo "2535"]
[Result "0-1"]
[Round "09"]
[TimeControl "180+1"]
[Date "2021.05.25"]
[WhiteClock "0:00:02"]
[BlackClock "0:00:02"]

1. e4 c5 2. Nf3 g6 3. d4 cxd4 4. Nxd4 Bg7 5. c4 Nc6 6. Be3 d6 7. Nc3 Nf6 8. Be2 O-O 9. f3 Nxd4 10. Bxd4 Bd7 11. Qd2 a5 12. O-O-O Bc6 13. h4 a4 14. h5 a3 15. b3 Qa5 16. hxg6 fxg6 17. Kb1 Nh5 18. Bxg7 Kxg7 19. Rh4 Rf7 20. Rdh1 Rh8 21. Rxh5 gxh5 22. f4 Rxf4 23. Rxh5 Bxe4+ 24. Kc1 Rf5 25. Qh6+ Kf7 26. Nxe4 Rxh5 27. Bxh5+ Kg8 28. Qg5+ Qxg5+ 29. Nxg5 Kg7 0-1


[Site "https://www.chess.com"]

[Event "Titled Tuesday Blitz May 25 2021"]
[White "Badelka, Olga"]
[Black "Maksimenko, Viktor"]
[WhiteFideId "13509926"]
[BlackFideId "13710478"]
[WhiteElo "2181"]
[BlackElo "2269"]
[Result "0-1"]
[Round "09"]
[TimeControl "180+1"]
[Date "2021.05.25"]
[WhiteClock "0:00:09"]
[BlackClock "0:00:36"]

1. c4 e5 2. g3 c6 3. d4 e4 4. d5 Nf6 5. a3 cxd5 6. cxd5 Bd6 7. Nc3 O-O 8. Bg2 Re8 9. Bg5 e3 10. Bxe3 Rxe3 11. fxe3 Ng4 12. Qd3 Bc5 13. Bf3 Ne5 14. Qe4 d6 15. Bg2 Nbd7 16. Nf3 Nf6 17. Qh4 Neg4 18. Nd1 Qb6 19. O-O h6 20. Kh1 Bxe3 21. Nxe3 Qxe3 22. h3 g5 23. hxg4 gxh4 24. Nxh4 Qxg3 25. Nf5 Bxf5 26. Rxf5 Nxg4 0-1


[Site "https://www.chess.com"]

[Event "Titled Tuesday Blitz May 25 2021"]
[White "Blanco Ronquillo, Humberto L."]
[Black "Goltsev, Dmitry"]
[WhiteFideId "3504239"]
[BlackFideId "24176710"]
[WhiteElo "2423"]
[BlackElo "2366"]
[Result "0-1"]
[Round "09"]
[TimeControl "180+1"]
[Date "2021.05.25"]
[WhiteClock "0:00:10"]
[BlackClock "0:00:58"]

1. d4 Nf6 2. c4 e6 3. Nf3 Bb4+ 4. Bd2 Qe7 5. g3 d5 6. Bg2 O-O 7. Qc2 c6 8. O-O Ne4 9. Bxb4 Qxb4 10. Nbd2 Nd7 11. a3 Qb6 12. Nxe4 dxe4 13. Qxe4 Qxb2 14. Qd3 Qb6 15. e4 Rd8 16. c5 Qc7 17. Qc3 Nf6 18. e5 Nd5 19. Qc2 h6 20. Rfd1 b6 21. Rac1 Bb7 22. Nd2 b5 23. Ne4 a5 24. Nd6 Ba6 25. Rb1 Rab8 26. h4 b4 27. Bxd5 cxd5 28. axb4 axb4 29. Rb3 Bc4 30. Nxc4 dxc4 31. Qxc4 Qb7 32. Rdb1 Qe4 33. Rxb4 Ra8 34. c6 Ra7 35. c7 Rc8 36. Rb8 Kh7 37. Rc1 Rcxc7 38. Qxc7 Rxc7 39. Rxc7 Kg6 40. Rbb7 f5 41. exf6 gxf6 42. Rg7+ Kh5 43. Rb5+ f5 44. Re5 Qxd4 45. g4+ Kxh4 0-1


[Site "https://www.chess.com"]

[Event "Titled Tuesday Blitz May 25 2021"]
[White "Bodnaruk, Anastasia"]
[Black "Begunov, Konstantin"]
[WhiteFideId "4181751"]
[BlackFideId "4118510"]
[WhiteElo "2393"]
[BlackElo "2262"]
[Result "1-0"]
[Round "09"]
[TimeControl "180+1"]
[Date "2021.05.25"]
[WhiteClock "0:02:03"]
[BlackClock "0:00:01"]

1. e4 c5 2. Nc3 d6 3. d4 cxd4 4. Qxd4 a6 5. b3 Nc6 6. Qd2 Nf6 7. Bb2 e6 8. O-O-O Be7 9. f4 Qa5 10. Kb1 O-O 11. Nf3 Rd8 12. Bd3 Nb4 13. g4 Nxd3 14. cxd3 Nxg4 15. Rhg1 Qh5 16. Qg2 f5 17. h3 Bf6 18. hxg4 fxg4 19. Qxg4 Qa5 20. e5 dxe5 21. fxe5 Bxe5 22. Nxe5 Qxe5 23. Ne4 h5 24. Qg6 1-0


[Site "https://www.chess.com"]

[Event "Titled Tuesday Blitz May 25 2021"]
[White "Bok, Benjamin"]
[Black "Harutjunyan, Gevorg"]
[WhiteFideId "1017063"]
[BlackFideId "13300873"]
[WhiteElo "2674"]
[BlackElo "2498"]
[Result "1-0"]
[Round "09"]
[TimeControl "180+1"]
[Date "2021.05.25"]
[WhiteClock "0:00:08"]
[BlackClock "0:00:02"]

1. d4 Nf6 2. c4 e6 3. Nc3 Bb4 4. Qc2 O-O 5. e4 d6 6. e5 dxe5 7. dxe5 Bxc3+ 8. Qxc3 Ne4 9. Qe3 f5 10. Nh3 b6 11. Be2 Nc6 12. O-O Bb7 13. f3 Nc5 14. Rd1 Qe8 15. b3 a5 16. Ba3 Nb4 17. Qc3 f4 18. Bxb4 axb4 19. Qxb4 Rf5 20. Qd2 g5 21. Qd4 Bc6 22. b4 Nd7 23. b5 Nxe5 24. bxc6 Qxc6 25. Nf2 Ra3 26. Ne4 Re3 27. Rd2 g4 28. Rf1 gxf3 29. gxf3 Kf7 30. Bd1 Rh5 31. Rg2 Qe8 32. Ng5+ Kf6 33. Ne4+ Kf7 34. Rg5 1-0


[Site "https://www.chess.com"]

[Event "Titled Tuesday Blitz May 25 2021"]
[White "Calin, Alexandru"]
[Black "Maksimovic, Bojan"]
[WhiteFideId "1222961"]
[BlackFideId "14408120"]
[WhiteElo "1993"]
[BlackElo "2437"]
[Result "0-1"]
[Round "09"]
[TimeControl "180+1"]
[Date "2021.05.25"]
[WhiteClock "0:00:14"]
[BlackClock "0:00:58"]

1. d4 g6 2. e4 Bg7 3. Nc3 d6 4. Bg5 h6 5. Bf4 Nd7 6. Qd2 a6 7. Nf3 e6 8. Bd3 Ne7 9. a4 b6 10. h4 Bb7 11. O-O Nf6 12. Rae1 Qd7 13. e5 Nfd5 14. Nxd5 Bxd5 15. exd6 cxd6 16. Be4 Bxe4 17. Rxe4 d5 18. Re2 Qxa4 19. Rfe1 Ra7 20. b3 Qb5 21. Ne5 h5 22. Nxf7 Kxf7 23. Rxe6 Nf5 24. Be5 Qd7 25. Bxg7 Kxg7 26. Qg5 Qf7 27. f3 Rd7 28. g4 hxg4 29. fxg4 Nxh4 30. Qe5+ Kh7 31. Qh2 g5 32. R6e3 Rf8 0-1


[Site "https://www.chess.com"]

[Event "Titled Tuesday Blitz May 25 2021"]
[White "Chernomordik, Pavel"]
[Black "Dowgird, Filip"]
[WhiteFideId "2804530"]
[BlackFideId "1121235"]
[WhiteElo "2299"]
[BlackElo "2209"]
[Result "0-1"]
[Round "09"]
[TimeControl "180+1"]
[Date "2021.05.25"]
[WhiteClock "0:01:34"]
[BlackClock "0:01:07"]

1. e4 d6 2. d4 Nf6 3. Nc3 c6 4. f4 Qa5 5. Bd3 e5 6. Nf3 exd4 7. Nxd4 g6 8. Be3 Bg7 9. Nb3 Qc7 10. h3 O-O 11. Qf3 Nbd7 12. O-O-O b5 13. g4 b4 14. Ne2 Bb7 15. g5 Nh5 16. Ng3 Nxg3 17. Qxg3 c5 18. Nd2 d5 19. exd5 Bxd5 20. Be4 Nb6 21. Qf3 Rad8 22. f5 Bxb2+ 23. Kxb2 Qe5+ 24. Kc1 Qa1+ 25. Nb1 Bxa2 26. c3 Bxb1 27. Bxb1 Qxc3+ 28. Bc2 Nc4 29. Rd5 Nxe3 0-1


[Site "https://www.chess.com"]

[Event "Titled Tuesday Blitz May 25 2021"]
[White "Csonka, Balazs"]
[Black "Filali, Razzouki Marouane"]
[WhiteFideId "742910"]
[BlackFideId "9003720"]
[WhiteElo "2404"]
[BlackElo "2073"]
[Result "0-1"]
[Round "09"]
[TimeControl "180+1"]
[Date "2021.05.25"]
[WhiteClock "0:00:01"]
[BlackClock "0:00:28"]

1. e4 c5 2. Nf3 d6 3. d4 cxd4 4. Nxd4 Nf6 5. Nc3 a6 6. Qe2 Nbd7 7. g4 h6 8. Rg1 g6 9. Be3 Bg7 10. O-O-O Qc7 11. h4 b5 12. g5 hxg5 13. hxg5 Nh5 14. Nd5 Qb7 15. Bg2 Ne5 16. Nf5 gxf5 17. exf5 Qb8 18. f4 Bxf5 19. fxe5 Bxe5 20. Rh1 Ng3 21. Rxh8+ Bxh8 22. Qf3 Be5 23. Bf4 Qc8 24. Nc7+ Qxc7 25. Qxa8+ Kd7 26. Bc6+ Qxc6 27. Qa7+ Qc7 0-1


[Site "https://www.chess.com"]

[Event "Titled Tuesday Blitz May 25 2021"]
[White "Dang, Hoang Son"]
[Black "Tsyhanchuk_Stanislav"]
[WhiteFideId "12402435"]
[WhiteElo "2713"]
[BlackElo "2477"]
[Result "1-0"]
[Round "09"]
[TimeControl "180+1"]
[Date "2021.05.25"]
[WhiteClock "0:00:35"]
[BlackClock "0:00:01"]

1. d4 Nf6 2. c4 g6 3. Nf3 Bg7 4. g3 O-O 5. Bg2 d6 6. O-O Nc6 7. Nc3 a6 8. b3 Rb8 9. Bb2 b5 10. cxb5 axb5 11. Rc1 Bd7 12. d5 Na5 13. Qc2 c6 14. Nd4 cxd5 15. Nxd5 Nxd5 16. Bxd5 e6 17. Bg2 d5 18. Qd2 Nb7 19. Nc6 Bxc6 20. Bxg7 Kxg7 21. Rxc6 Nd6 22. Qb4 Nf5 23. Rfc1 Qf6 24. Bxd5 Qd4 25. Qxd4+ Nxd4 26. Bf3 Nxc6 27. Rxc6 b4 28. Ra6 Rfc8 29. Be4 f5 30. Bd3 e5 31. Bc4 Rc7 32. f3 h5 33. Kf2 Rd7 34. Re6 Rd2 35. Rxe5 Rxa2 36. Re7+ Kh6 37. h4 Rc2 38. Rd7 Rc8 39. Ke3 Rc3+ 40. Kf4 R8xc4+ 41. bxc4 Rxc4+ 42. e4 fxe4 43. fxe4 b3 44. Rb7 Rc3 45. e5 Rc4+ 46. Kf3 Rc3+ 47. Kf2 Rc2+ 48. Ke3 Rc3+ 49. Kd4 Rxg3 50. e6 Rg4+ 51. Kd3 Rg3+ 52. Ke2 b2 53. e7 1-0


[Site "https://www.chess.com"]

[Event "Titled Tuesday Blitz May 25 2021"]
[White "Djordjevic, Vuk"]
[Black "Triapishko, Alexandr"]
[WhiteFideId "902098"]
[BlackFideId "14122286"]
[WhiteElo "2463"]
[BlackElo "2490"]
[Result "0-1"]
[Round "09"]
[TimeControl "180+1"]
[Date "2021.05.25"]
[WhiteClock "0:00:05"]
[BlackClock "0:00:07"]

1. d4 Nf6 2. Bg5 d5 3. Bxf6 gxf6 4. e3 c5 5. dxc5 Nc6 6. Nf3 e5 7. c4 d4 8. exd4 e4 9. Nfd2 Qxd4 10. Nc3 f5 11. Nb3 Qe5 12. Be2 Be6 13. O-O f4 14. Bg4 Rd8 15. Qe2 f5 16. Bh5+ Ke7 17. Rfd1 Bg7 18. Kh1 f3 19. gxf3 Qf4 20. fxe4 Be5 21. f3 Bxc4 22. Qf2 Qg5 23. f4 Qxf4 24. Qxf4 Bxf4 25. Nd5+ Bxd5 26. exd5 Ne5 27. d6+ Kf6 28. Rd5 Rhg8 29. Rf1 Be3 30. Nd4 f4 31. Ne2 Ke6 32. Rdd1 Rg5 33. Bf3 Nxf3 34. Rxf3 Rxc5 35. Nxf4+ Bxf4 36. Rxf4 Rxd6 37. Re4+ Re5 38. Rxe5+ Kxe5 39. Re1+ Kd5 40. Re7 Rb6 41. b3 h6 42. Kg2 Kc5 43. Kf3 Kb4 44. Re4+ Kc3 45. Ke3 Ra6 46. Rc4+ Kb2 47. Rb4 b6 48. a4 Ra5 49. Kf3 Kc3 50. Rh4 Kxb3 51. Rxh6 Rxa4 52. h4 b5 53. h5 b4 54. Rh7 Ra1 55. Kg2 a5 56. h6 Ra2+ 57. Kg3 Ra1 58. Kg2 Rc1 59. Ra7 Rc6 60. h7 Rh6 61. Rxa5 Rxh7 62. Kf3 Re7 63. Rb5 Ka3 64. Rb6 b3 65. Ra6+ Kb2 66. Rb6 Ka2 67. Ra6+ Kb1 68. Kf2 b2 69. Rc6 Ra7 0-1


[Site "https://www.chess.com"]

[Event "Titled Tuesday Blitz May 25 2021"]
[White "Do Valle Cardoso, Lucas"]
[Black "Prydun, Andriy"]
[WhiteFideId "2163144"]
[BlackFideId "14145898"]
[WhiteElo "2378"]
[BlackElo "2033"]
[Result "1-0"]
[Round "09"]
[TimeControl "180+1"]
[Date "2021.05.25"]
[WhiteClock "0:00:15"]
[BlackClock "0:01:24"]

1. e4 d5 2. exd5 Qxd5 3. Nc3 Qd6 4. d4 Nf6 5. Nf3 c6 6. Bc4 Bf5 7. Be3 Nbd7 8. Bb3 Nd5 9. Nxd5 cxd5 10. c3 Bg4 11. h3 Bxf3 12. Qxf3 e6 13. O-O Be7 14. Rfe1 Nf6 15. Bf4 Qc6 16. Be5 O-O 17. g4 Nd7 18. Bg3 Rae8 19. Re2 Bd6 20. Rae1 Bxg3 21. Qxg3 a5 22. Bc2 g6 23. h4 Kh8 24. h5 f5 25. Qh4 Rg8 26. f3 Qd6 27. hxg6 Rxg6 28. Bxf5 Rf6 29. Qxh7# 1-0


[Site "https://www.chess.com"]

[Event "Titled Tuesday Blitz May 25 2021"]
[White "Dobre, Claudiu-Cristian"]
[Black "Vetokhin, Savva"]
[WhiteFideId "1211854"]
[BlackFideId "44144474"]
[WhiteElo "2230"]
[BlackElo "2185"]
[Result "0-1"]
[Round "09"]
[TimeControl "180+1"]
[Date "2021.05.25"]
[WhiteClock "0:00:10"]
[BlackClock "0:00:33"]

1. c4 e5 2. Nc3 Nf6 3. Nf3 Nc6 4. e3 Bb4 5. Qc2 O-O 6. Nd5 Re8 7. Bd3 g6 8. a3 Bf8 9. Ng5 Nxd5 10. cxd5 Qxg5 11. dxc6 dxc6 12. O-O Bf5 13. Bxf5 Qxf5 14. Qxf5 gxf5 15. b4 e4 16. f3 Rad8 17. Ra2 c5 18. b5 Rd3 19. Rc2 Rb3 20. fxe4 fxe4 21. Rc4 Rxb5 22. Rf4 Rb1 23. a4 a6 24. Kf2 b5 25. Rc2 b4 26. Rg4+ Bg7 27. Bb2 Rxb2 28. Rxb2 a5 29. Rc2 Re5 30. Ke2 f5 31. Rf4 Bh6 32. Rf1 Rd5 33. Rb1 Bf8 34. Rb3 Bd6 35. g3 Kf7 36. d3 exd3+ 37. Rxd3 Re5 38. Rc4 Re4 39. Rc1 c4 40. Rd4 Rxd4 41. exd4 b3 42. Rb1 Ke6 43. Kf3 Kd5 44. Ke3 Bb4 45. Rb2 Bc3 46. Rb1 Bxd4+ 47. Kf4 c3 0-1


[Site "https://www.chess.com"]

[Event "Titled Tuesday Blitz May 25 2021"]
[White "Dobrov, Vladimir"]
[Black "Terry, Renato"]
[WhiteFideId "4136594"]
[BlackFideId "3803457"]
[WhiteElo "2614"]
[BlackElo "2581"]
[Result "1-0"]
[Round "09"]
[TimeControl "180+1"]
[Date "2021.05.25"]
[WhiteClock "0:00:29"]
[BlackClock "0:00:02"]

1. d4 e6 2. c4 Bb4+ 3. Nd2 a5 4. Nf3 Nf6 5. a3 Bxd2+ 6. Bxd2 a4 7. e3 b6 8. Bd3 Bb7 9. O-O d6 10. Qc2 Nbd7 11. e4 e5 12. Rfe1 O-O 13. Rad1 Re8 14. h3 h6 15. Bc3 Qe7 16. c5 bxc5 17. dxe5 Nxe5 18. Nxe5 dxe5 19. Bb5 Red8 20. Rxd8+ Rxd8 21. Qxa4 Nh5 22. Bf1 Nf4 23. Qc4 Bc8 24. a4 Be6 25. Qb5 Qg5 26. Kh2 Rd3 27. Re3 Rxe3 28. fxe3 Nh5 29. Qxc5 Qg3+ 30. Kg1 Bxh3 31. Bxe5 Qg6 32. a5 Be6 33. a6 Qxe4 34. a7 Bd5 35. Qd4 1-0


[Site "https://www.chess.com"]

[Event "Titled Tuesday Blitz May 25 2021"]
[White "Dong, Bao Nghia"]
[Black "Navalgund, Niranjan"]
[WhiteFideId "12400343"]
[BlackFideId "5030854"]
[WhiteElo "2409"]
[BlackElo "2290"]
[Result "1/2-1/2"]
[Round "09"]
[TimeControl "180+1"]
[Date "2021.05.25"]
[WhiteClock "0:00:26"]
[BlackClock "0:00:21"]

1. d4 Nf6 2. c4 Nc6 3. e3 e5 4. Nf3 Bb4+ 5. Bd2 Bxd2+ 6. Nbxd2 d6 7. Be2 O-O 8. O-O Bg4 9. d5 Ne7 10. h3 Bd7 11. Rc1 Qc8 12. Re1 a5 13. Bf1 Ne8 14. a3 a4 15. e4 f5 16. c5 fxe4 17. Nxe4 Qd8 18. cxd6 cxd6 19. Nfg5 Rc8 20. Qd3 Bf5 21. Rxc8 Qxc8 22. Qd1 h6 23. Nf3 Qd7 24. Nc3 Nc7 25. Qxa4 Qxa4 26. Nxa4 Ncxd5 27. Bc4 Kh8 28. Rd1 Be6 29. Nb6 Nxb6 30. Bxe6 Rd8 31. Nxe5 Kh7 32. Nd3 d5 33. b4 Rd6 34. Bg4 d4 35. Bf3 Nc4 36. Bxb7 Nxa3 37. Be4+ Kg8 38. Nc5 Nb5 39. Bd3 Nc3 40. Ra1 Rb6 41. Bc4+ Kh7 42. Nd3 Nc6 43. Ra8 Kg6 44. Rc8 Nxb4 45. Ne5+ Kf5 46. Nf3 Rd6 47. Bf1 Ne4 48. Rc4 Nc6 49. Rxc6 Rxc6 50. Nxd4+ Kf4 51. Nxc6 g5 52. Nd4 h5 53. g3+ Ke5 54. Nf3+ Kf6 55. Bd3 Nc5 56. Bc2 Na6 57. Nd4 Nb4 58. Ne2 Nxc2 59. Kg2 Ne1+ 60. Kf1 Nd3 61. Nd4 Ke5 62. Nf3+ Kf5 63. Ke2 Nc1+ 64. Ke3 Na2 65. Nd4+ Ke5 66. f4+ gxf4+ 67. gxf4+ Kf6 68. Nf3 Nc3 69. Kd4 Ne2+ 70. Ke4 Ng3+ 71. Ke3 Nf5+ 72. Kd3 Ng3 73. Kd4 Nf5+ 74. Kd5 Ng3 75. Nd4 Nh1 76. Ke4 Nf2+ 77. Kf3 Nxh3 78. Kg3 Nxf4 79. Kxf4 h4 80. Nf3 h3 81. Kg3 h2 82. Kxh2 1/2-1/2


[Site "https://www.chess.com"]

[Event "Titled Tuesday Blitz May 25 2021"]
[White "Dzhaparov, Medet"]
[Black "Khumalo, Keith"]
[WhiteFideId "13803689"]
[BlackFideId "14319470"]
[WhiteElo "1702"]
[BlackElo "1992"]
[Result "1-0"]
[Round "09"]
[TimeControl "180+1"]
[Date "2021.05.25"]
[WhiteClock "0:00:05"]
[BlackClock "0:01:07"]

1. d4 Nf6 2. c4 g6 3. Nf3 Bg7 4. g3 O-O 5. Bg2 c6 6. O-O d6 7. Nc3 Qa5 8. e4 Qh5 9. Ng5 Qxd1 10. Rxd1 Nbd7 11. f4 c5 12. d5 h6 13. Nf3 a6 14. e5 Ne8 15. Re1 Nc7 16. a4 b6 17. Bd2 Rb8 18. exd6 exd6 19. Ne4 Ne8 20. Bc3 f5 21. Ned2 Kf7 22. Bxg7 Nxg7 23. Re2 Re8 24. Rxe8 Nxe8 25. Bf1 Ndf6 26. Bd3 Bd7 27. b3 Nc7 28. Kf2 Rb7 29. h3 b5 30. axb5 axb5 31. Rb1 Ra7 32. b4 bxc4 33. Nxc4 Ra2+ 34. Kg1 cxb4 35. Nxd6+ Ke7 36. Nc4 Ncxd5 37. Re1+ Kd8 38. Nfe5 Be8 39. Nd6 Ra3 40. Kg2 Bd7 41. Bc4 Ne3+ 42. Kg1 Nxc4 43. Ndxc4 Rxg3+ 44. Kh2 Rc3 45. Rd1 Kc7 46. Rd6 Rc2+ 47. Kg1 Rc1+ 48. Kh2 Ne4 49. Rxd7+ Kc8 50. Nb6+ Kb8 51. Rg7 Rc2+ 52. Kg1 Rc1+ 53. Kg2 b3 54. Nbd7+ Kc7 55. Nc5+ Kb6 56. Nxb3 Rc2+ 57. Kf3 Rh2 58. Rxg6+ Kc7 59. Rxh6 Nc3 60. Nd4 Ne4 61. Rh7+ Kc8 62. Nxf5 Nd2+ 63. Kg4 Rg2+ 64. Kh4 Ne4 65. Rh8+ Kc7 66. Rh7+ Kc8 67. Rg7 Rf2 68. Rg1 Rxf4+ 69. Rg4 Rxf5 70. Rxe4 Rf8 71. Kg4 Rg8+ 72. Kf3 Kc7 73. h4 Rh8 74. Ng6 Rh6 75. Re6 Kd7 76. Nf8+ Kd8 77. Rxh6 1-0


[Site "https://www.chess.com"]

[Event "Titled Tuesday Blitz May 25 2021"]
[White "Eynullayev, Atilla"]
[Black "Molina, Roberto Junio Brito"]
[WhiteFideId "13413570"]
[BlackFideId "2109450"]
[WhiteElo "2515"]
[BlackElo "2675"]
[Result "0-1"]
[Round "09"]
[TimeControl "180+1"]
[Date "2021.05.25"]
[WhiteClock "0:00:01"]
[BlackClock "0:00:37"]

1. e4 c6 2. d4 d5 3. e5 c5 4. dxc5 e6 5. Nf3 Nd7 6. a3 Bxc5 7. Bd3 Ne7 8. O-O Nc6 9. b4 Be7 10. Bb2 a5 11. b5 Ncb8 12. c4 dxc4 13. Bxc4 Nb6 14. Bd3 N8d7 15. Nbd2 Nc5 16. Bc2 a4 17. Qe2 Bd7 18. Rfd1 Ra5 19. Nd4 O-O 20. Rac1 Qb8 21. Bc3 Ra8 22. N2f3 Rc8 23. Bb4 Rc7 24. h4 Nd5 25. Bxc5 Bxc5 26. Qe4 g6 27. Bb1 Bxa3 28. Rxc7 Qxc7 29. Ng5 Be7 30. Nxh7 Kxh7 31. h5 Kg7 32. hxg6 Rh8 33. gxf7 Rh6 34. Qg4+ Kxf7 35. g3 Qd8 36. Be4 Qg8 37. Qf3+ Ke8 0-1


[Site "https://www.chess.com"]

[Event "Titled Tuesday Blitz May 25 2021"]
[White "Gabdushev, Ruslan"]
[Black "Skatchkov, Pavel"]
[WhiteFideId "4137833"]
[BlackFideId "4121848"]
[WhiteElo "2312"]
[BlackElo "2476"]
[Result "1-0"]
[Round "09"]
[TimeControl "180+1"]
[Date "2021.05.25"]
[WhiteClock "0:00:17"]
[BlackClock "0:00:39"]

1. b3 e5 2. Bb2 Nc6 3. e3 f5 4. Bb5 d6 5. Ne2 Nf6 6. d4 e4 7. d5 a6 8. Ba4 b5 9. dxc6 bxa4 10. Nbc3 axb3 11. axb3 Be7 12. Nf4 O-O 13. O-O a5 14. Qd4 Kh8 15. Ra4 Ra6 16. Rfa1 Rxc6 17. Rxa5 Bb7 18. Ne6 Qc8 19. Nxf8 Bxf8 20. h3 h6 21. Qd2 Qe6 22. Ne2 Rb6 23. Nd4 Qd7 24. Nxf5 c5 25. Nxh6 Be7 26. Nf7+ Kg8 27. Ng5 Qf5 28. h4 Ng4 29. Nh3 Bxh4 30. b4 Nh6 31. Rf1 d5 32. Rxc5 Rg6 33. Nf4 Bg5 34. Nxg6 Qxg6 35. Rc7 Ba6 36. Rxg7+ Qxg7 37. Bxg7 1-0


[Site "https://www.chess.com"]